 Dungeon Crawl Stone Soup version 0.20.1-1-g8b1a95d (webtiles) character file.

410 Ymberti the Magician (level 6, -3/33 HPs)
             Began as a Deep Elf Fire Elementalist on Oct 13, 2017.
             Slain by a phantom (10 damage)
             ... on level 4 of the Dungeon.
             The game lasted 00:08:48 (3398 turns).

Ymberti the Magician (Deep Elf Fire Elementalist)   Turns: 3398, Time: 00:08:49

Health: -3/33      AC:  4    Str:  5    XL:     6   Next: 58%
Magic:  15/24      EV: 14    Int: 22    God:
Gold:   226        SH:  0    Dex: 15    Spells: 9/15 levels left

rFire    . . .     SeeInvis .   q - +4 quarterstaff (chaos)
rCold    . . .     Gourm    .   (shield currently unavailable)
rNeg     . . .     Faith    .   a - +0 robe
rPois    .         Spirit   .   (no helmet)
rElec    .         Reflect  .   r - +0 cloak
rCorr    +         Harm     .   p - +0 pair of gloves
MR       .....                  (no boots)
Stlth    +++.......             (no amulet)
Regen    0.2/turn               o - ring of resist corrosion
MPRegen  0.2/turn               u - ring of magical power

@: no status effects
A: no striking features
a: no special abilities


You were on level 4 of the Dungeon.
You were not hungry.

You visited 1 branch of the dungeon, and saw 4 of its levels.

You collected 226 gold pieces.

Inventory:

Hand Weapons
 q - a +4 quarterstaff of chaos (weapon)
Armour
 a - a +0 robe (worn)
 p - a +0 pair of gloves (worn)
 r - a +0 cloak (worn)
Jewellery
 o - a ring of resist corrosion (left hand)
 u - a ring of magical power (right hand)
Wands
 m - a wand of confusion (6/48)
Scrolls
 c - 2 scrolls of remove curse {unknown}
 d - a scroll of blinking {unknown}
 e - a scroll of amnesia {unknown}
 i - 4 scrolls of teleportation {unknown}
 j - 5 scrolls of recharging {unknown}
 t - a scroll of magic mapping {unknown}
 v - a scroll of identify {unknown}
 x - a scroll of noise {unknown}
Potions
 g - 2 potions of might {unknown}
 h - 2 potions of brilliance {unknown}
 k - a potion of degeneration {unknown}
 l - 2 potions of agility {unknown}
 n - a potion of magic {unknown}
 s - a potion of haste {unknown}
Books
 b - a book of Flames

   Spells                             Type                      Level
   a - Flame Tongue                   Conjuration/Fire             1
   b - Throw Flame                    Conjuration/Fire             2
   c - Conjure Flame                  Conjuration/Fire             3
   d - Inner Flame                    Hexes/Fire                   3
   e - Sticky Flame                   Conjuration/Fire             4
   f - Fireball                       Conjuration/Fire             5
 y - a book of Conjurations

   Spells                             Type                      Level
   a - Magic Dart                     Conjuration                  1
   b - Searing Ray                    Conjuration                  2
   c - Dazzling Spray                 Conjuration/Hexes            3
   d - Fulminant Prism                Conjuration/Hexes            4
   e - Force Lance                    Conjuration/Translocation    4
   f - Iskenderun's Mystic Blast      Conjuration                  4
Comestibles
 f - 2 meat rations
 w - 2 fruits


   Skills:
 + Level 0.5 Fighting
 + Level 1.9 Staves
 + Level 3.4 Dodging
 + Level 4.4 Stealth
 + Level 5.3 Spellcasting
 + Level 2.7 Conjurations
 + Level 4.8 Fire Magic


You had 9 spell levels left.
You knew the following spells:

 Your Spells              Type           Power        Failure   Level  Hunger
a - Flame Tongue          Conj/Fire      ###..        1%          1    None
b - Throw Flame           Conj/Fire      ###...       3%          2    None
c - Conjure Flame         Conj/Fire      ###.....     6%          3    ##.....


Dungeon Overview and Level Annotations

Branches:
Dungeon (4/15)
 Temple: D:4-7

Altars:
Ru


Message History

Press: ? - help, Shift-Dir - straight line, f/p - phantom
Aim: a phantom (almost destroyed)
The flame tongue hits the phantom.
The phantom appears unharmed.
The phantom is almost destroyed.
The phantom blinks!
Casting: Flame Tongue
Confirm with . or Enter, or press ? or * to list all spells.
Aiming: Flame Tongue
Press: ? - help, Shift-Dir - straight line, f/p - phantom
Aim: a phantom (almost destroyed)
The flame tongue misses the phantom.
The phantom completely misses you.
Casting: Flame Tongue
Confirm with . or Enter, or press ? or * to list all spells.
Aiming: Flame Tongue
Press: ? - help, Shift-Dir - straight line, f/p - phantom
Aim: a phantom (almost destroyed)
The flame tongue hits the phantom.
The phantom is almost destroyed.
The phantom hits you!
You die...

##.##### ##.## #.# #..# #.# #.#
#.## #.# #.# #.# ##'## #.# #.#
##...# # #.#### #.### ##.....
###.##.## #.#.## ##......
.##.#...##########>...####.......
...............ยง@W.......'.......
.##.#...##########....####.......
.##.##..# ##.#.## ##......
.##.###.# #...## ##..... .##.....#
##..# ##...# .#####..# ##.# ##'##
.#####..# #.# #.# ..$.....# #.#
#.## ######.## #.# ##...


You could see a phantom.

Vanquished Creatures
  The ghost of tarantulino the Chopper, an amateur NaGl (D:3)
  A hound (D:4)
  Crazy Yiuf (D:2)
  2 orc wizards (D:3)
  Ijyb (D:3)
  2 adders
  A gnoll (D:1)
  2 oozes
  2 worms (D:2)
  A leopard gecko (D:1)
  6 orcs
  4 giant cockroaches
  15 goblins
  9 hobgoblins
  3 jackals (D:3)
  4 quokkas
  6 bats
  5 frilled lizards
  8 kobolds
  8 rats
82 creatures vanquished.

Notes
Turn   | Place    | Note
-------+----------+-------------------------------------------
     0 | D:1      | Ymberti the Deep Elf Fire Elementalist began the quest for the Orb.
     0 | D:1      | Reached XP level 1. HP: 10/10 MP: 6/6
   565 | D:1      | Reached XP level 2. HP: 8/15 MP: 4/8
   720 | D:1      | Reached XP level 3. HP: 18/19 MP: 6/9
  1151 | D:2      | Found a runed door.
  1615 | D:2      | Reached XP level 4. HP: 21/24 MP: 4/11
  1709 | D:2      | Reached skill level 4 in Spellcasting
  1928 | D:2      | Noticed Crazy Yiuf
  1936 | D:2      | Killed Crazy Yiuf
  2255 | D:3      | Found a sacrificial altar of Ru.
  2440 | D:3      | Reached XP level 5. HP: 28/28 MP: 10/14
  2701 | D:3      | Learned a level 2 spell: Throw Flame
  2705 | D:3      | Learned a level 3 spell: Conjure Flame
  2727 | D:3      | Noticed tarantulino's ghost (amateur NaGl)
  2744 | D:3      | Killed tarantulino's ghost
  2744 | D:3      | Reached skill level 1 in Staves
  2744 | D:3      | Reached skill level 5 in Spellcasting
  2744 | D:3      | Reached XP level 6. HP: 13/33 MP: 15/15
  2958 | D:3      | Noticed Ijyb
  2979 | D:3      | Killed Ijyb
  3398 | D:4      | Slain by a phantom

Skill      XL: |  1  2  3  4  5 |
---------------+----------------+-----
Dodging        | 3 |  3.4
Fire Magic     | 4 |  4.8
Stealth        | 3 4 |  4.4
Spellcasting   | 4 5 |  5.3
Conjurations   | 2 |  2.7
Staves         | 1 |  1.9
Fighting       | |  0.5

Action                   |  1- 3 |  4- 6 || total
-------------------------+-------+-------++-------
Melee: Unarmed           |    20 |       ||    20
       Quarterstaff      |       |    37 ||    37
 Cast: Flame Tongue      |    74 |    72 ||   146
       Throw Flame       |       |     5 ||     5
       Conjure Flame     |       |     2 ||     2
 Stab: Sleeping          |       |     6 ||     6
       Invisible         |       |     1 ||     1
  Eat: Bread ration      |     1 |       ||     1
       Royal jelly       |       |     2 ||     2
Armor: Robe              |     9 |    15 ||    24
Dodge: Dodged            |    47 |    49 ||    96
